HSSL
MOUNTAIN POINTE HS @ INDIANAPOLIS HS CHAOS
05/12/2024
 
TOP OF THE 1ST
Mountain Pointe HS batting - Pitching for Indianapolis HS Chaos : RHP Roberto Montoya
Pitching: RHP Roberto Montoya
Batting: RHB Ben Wilson 0-0: Ball
1-0: Ball
2-0: Ball
3-0: Called Strike
3-1: SOLO HOME RUN (Flyball, 7D), Distance : 346 ft
Batting: RHB Jon Newsome 0-0: Called Strike
0-1: Swinging Strike
0-2: Ball
1-2: Strikes out looking
Batting: RHB Jamie Swyers 0-0: Swinging Strike
0-1: Ball
1-1: SOLO HOME RUN (Flyball, 7D), Distance : 352 ft
Batting: RHB Roberto Pérez 0-0: Called Strike
0-1: Ball
1-1: Fly out, F9 (Flyball, 9LM)
Batting: RHB John Howell 0-0: Foul Ball, location: 2F
0-1: Foul Ball, location: 2F
0-2: Ball
1-2: Ball
2-2: Reached on error, E5 (Groundball, 5L)
Batting: LHB Brian Turner 0-0: Ball
1-0: Foul Ball, location: 2F
1-1: Ball
2-1: Ball
3-1: Called Strike
3-2: Base on Balls
John Howell to second
Batting: RHB Scott Dixon 0-0: Ball
1-0: Called Strike
1-1: Ball
2-1: Foul Ball, location: 2F
2-2: Foul Ball, location: 2F
2-2: Ball
3-2: Strikes out swinging
Top of the 1st over - 2 run(s), 2 hit(s), 1 error(s), 2 left on base; Mountain Pointe HS 2 - Indianapolis HS 0
BOTTOM OF THE 1ST
Indianapolis HS Chaos batting - Pitching for Mountain Pointe HS : RHP Kelly Russell
Pitching: RHP Kelly Russell
Batting: RHB Johnny Becker 0-0: Ground out 4-3 (Groundball, 4M)
Batting: RHB Jesús Lima 0-0: Ball
1-0: Ball
2-0: Ball
3-0: Base on Balls
Batting: LHB Ben Donaldson 0-0: Ball
1-0: Ball
2-0: Ball
3-0: Called Strike
3-1: Called Strike
3-2: Strikes out looking
Batting: RHB Curt David 0-0: Foul Ball, location: 2F
0-1: Foul Ball, location: 2F
0-2: Foul Ball, location: 2F
0-2: Foul Ball, location: 2F
0-2: Ball
1-2: Ball
2-2: Foul Ball, location: 2F
2-2: Ball
Wild Pitch!
Jesús Lima to second
3-2: Foul Ball, location: 2F
3-2: Base on Balls
Batting: RHB Patrice Charette 0-0: Fly out, F9 (Flyball, 89S)
Bottom of the 1st over - 0 run(s), 0 hit(s), 0 error(s), 2 left on base; Mountain Pointe HS 2 - Indianapolis HS 0
TOP OF THE 2ND
Mountain Pointe HS batting - Pitching for Indianapolis HS Chaos : RHP Roberto Montoya
Batting: RHB Marshall Gross 0-0: Ball
1-0: Called Strike
1-1: Swinging Strike
1-2: Strikes out swinging
Batting: RHB Ted Williamson 0-0: Called Strike
0-1: Ball
1-1: Foul Ball, location: 2F
1-2: Foul Ball, location: 2F
1-2: Ball
2-2: Strikes out swinging
Batting: RHB Ben Wilson 0-0: Ball
1-0: SINGLE (Groundball, 56)
Batting: RHB Jon Newsome 0-0: Ball
1-0: Ball
2-0: Foul Ball, location: 2F
2-1: Ball
3-1: Ground out 4-3 (Groundball, 4)
Top of the 2nd over - 0 run(s), 1 hit(s), 0 error(s), 1 left on base; Mountain Pointe HS 2 - Indianapolis HS 0
BOTTOM OF THE 2ND
Indianapolis HS Chaos batting - Pitching for Mountain Pointe HS : RHP Kelly Russell
Batting: LHB Kyle Robbins 0-0: Ball
1-0: Ball
2-0: Called Strike
2-1: Ball
3-1: Base on Balls
Batting: SHB Mike Burke 0-0: Foul Ball, location: 2F
0-1: Ground out 3-1 (Groundball, 34)
Kyle Robbins to second
Batting: RHB Robert Blanchard 0-0: Called Strike
Kyle Robbins is caught stealing 3rd base
0-1: Swinging Strike
0-2: Ground out 6-3 (Groundball, 6M)
Bottom of the 2nd over - 0 run(s), 0 hit(s), 0 error(s), 0 left on base; Mountain Pointe HS 2 - Indianapolis HS 0
TOP OF THE 3RD
Mountain Pointe HS batting - Pitching for Indianapolis HS Chaos : RHP Roberto Montoya
Batting: RHB Jamie Swyers 0-0: Called Strike
0-1: Called Strike
0-2: Ball
1-2: SINGLE (Groundball, 56D)
Batting: RHB Roberto Pérez 0-0: Called Strike
0-1: Foul Ball, location: 2F
0-2: Ball
1-2: Foul Ball, location: 2F
1-2: Strikes out looking
Batting: RHB John Howell 0-0: Ball
Jamie Swyers is caught stealing 2nd base
1-0: Called Strike
1-1: Called Strike
1-2: Reached on Error, E6 (Line Drive, 6)
Batting: LHB Brian Turner 0-0: Ball
1-0: Called Strike
1-1: Fly out, F9 (Line Drive, 9LM)
Top of the 3rd over - 0 run(s), 1 hit(s), 1 error(s), 1 left on base; Mountain Pointe HS 2 - Indianapolis HS 0
BOTTOM OF THE 3RD
Indianapolis HS Chaos batting - Pitching for Mountain Pointe HS : RHP Kelly Russell
Batting: RHB Zander von Strantz 0-0: Fly out, F9 (Flyball, 89M)
Batting: RHB Johnny Becker 0-0: Called Strike
0-1: Ball
1-1: Called Strike
1-2: Ball
2-2: SINGLE (Line Drive, 9M)
Batting: RHB Jesús Lima 0-0: Called Strike
0-1: Ball
1-1: Ball
Johnny Becker is caught stealing 2nd base
2-1: Called Strike
2-2: Fly out, F9 (Flyball, 89M)
Bottom of the 3rd over - 0 run(s), 1 hit(s), 0 error(s), 0 left on base; Mountain Pointe HS 2 - Indianapolis HS 0
TOP OF THE 4TH
Mountain Pointe HS batting - Pitching for Indianapolis HS Chaos : RHP Roberto Montoya
Batting: RHB Scott Dixon 0-0: Called Strike
0-1: Foul Ball, location: 2F
0-2: Ball
1-2: Strikes out looking
Batting: RHB Marshall Gross 0-0: Ball
1-0: Foul Ball, location: 2F
1-1: Called Strike
1-2: Foul Ball, location: 2F
1-2: Ball
2-2: Strikes out swinging
Batting: RHB Ted Williamson 0-0: Called Strike
0-1: Ball
1-1: Reached on error, E5 (Groundball, 5S)
Batting: RHB Ben Wilson 0-0: Ball
Ted Williamson steals 2nd base
1-0: Foul Ball, location: 2F
1-1: Called Strike
1-2: Foul Ball, location: 2F
1-2: SINGLE (Groundball, 25) (infield hit)
Ted Williamson to third
Pitching: RHP Patrick Williams
Batting: RHB Jon Newsome 0-0: Ball
1-0: Called Strike
1-1: Foul Ball, location: 2F
1-2: Ball
2-2: Foul Ball, location: 2F
2-2: SINGLE (Groundball, 34)
Ted Williamson scores
Ben Wilson to second
Ben Wilson to third
Batting: RHB Jamie Swyers 0-0: Called Strike
0-1: SINGLE (Line Drive, 89S)
Ben Wilson scores
Jon Newsome to second
Batting: RHB Roberto Pérez 0-0: Called Strike
0-1: Foul Ball, location: 2F
0-2: Ball
1-2: Strikes out looking
Top of the 4th over - 2 run(s), 3 hit(s), 1 error(s), 2 left on base; Mountain Pointe HS 4 - Indianapolis HS 0
BOTTOM OF THE 4TH
Indianapolis HS Chaos batting - Pitching for Mountain Pointe HS : RHP Kelly Russell
Batting: LHB Ben Donaldson 0-0: Ball
1-0: Ground out U3 (Groundball, 3S)
Batting: RHB Curt David 0-0: Ball
1-0: Ball
2-0: Ball
3-0: Base on Balls
Batting: RHB Patrice Charette 0-0: Called Strike
0-1: Ball
1-1: Ball
2-1: 2-RUN HOME RUN (Flyball, 7D), Distance : 355 ft
Batting: LHB Kyle Robbins 0-0: Ball
1-0: Reached on error, E6 (Groundball, 6)
Batting: SHB Mike Burke 0-0: Swinging Strike
0-1: Swinging Strike
0-2: Ball
1-2: Strikes out swinging
Batting: RHB Robert Blanchard 0-0: Foul Ball, location: 2F
0-1: Foul Ball, location: 2F
0-2: Ball
1-2: Ball
2-2: Foul Ball, location: 2F
2-2: Strikes out looking
Bottom of the 4th over - 2 run(s), 1 hit(s), 1 error(s), 1 left on base; Mountain Pointe HS 4 - Indianapolis HS 2
TOP OF THE 5TH
Mountain Pointe HS batting - Pitching for Indianapolis HS Chaos : RHP Patrick Williams
Batting: RHB John Howell 0-0: Called Strike
0-1: Ball
1-1: Foul Ball, location: 2F
1-2: Foul Ball, location: 2F
1-2: Ball
2-2: Foul Ball, location: 2F
2-2: Foul Ball, location: 2F
2-2: Strikes out swinging
Batting: LHB Brian Turner 0-0: Foul Ball, location: 2F
0-1: Fly out, F7 (Flyball, 78S)
Batting: RHB Scott Dixon 0-0: Called Strike
0-1: Swinging Strike
0-2: Ball
1-2: Strikes out swinging
Top of the 5th over - 0 run(s), 0 hit(s), 0 error(s), 0 left on base; Mountain Pointe HS 4 - Indianapolis HS 2
BOTTOM OF THE 5TH
Indianapolis HS Chaos batting - Pitching for Mountain Pointe HS : RHP Kelly Russell
Batting: RHB Zander von Strantz 0-0: Fly out, F9 (Line Drive, 9S)
Batting: RHB Johnny Becker 0-0: Called Strike
0-1: SINGLE (Groundball, 6)
Batting: RHB Jesús Lima 0-0: Ball
1-0: Ball
2-0: Ball
3-0: Called Strike
3-1: Base on Balls
Johnny Becker to second
Batting: LHB Ben Donaldson 0-0: Called Strike
0-1: Ball
1-1: Ball
2-1: Ball
3-1: Fly out, F4 (Line Drive, 4)
Batting: RHB Curt David 0-0: Fly out, F3 (Popup, 3SF)
Bottom of the 5th over - 0 run(s), 1 hit(s), 0 error(s), 2 left on base; Mountain Pointe HS 4 - Indianapolis HS 2
TOP OF THE 6TH
Mountain Pointe HS batting - Pitching for Indianapolis HS Chaos : RHP Patrick Williams
Batting: RHB Marshall Gross 0-0: Ball
1-0: Foul Ball, location: 2F
1-1: Ball
2-1: SINGLE (Groundball, 56)
Batting: RHB Ted Williamson 0-0: Called Strike
0-1: Ball
1-1: Foul Ball, location: 2F
1-2: Ball
2-2: Foul Ball, location: 2F
2-2: Strikes out looking
Batting: RHB Ben Wilson 0-0: Ball
1-0: Ground out 5-3 (Groundball, 5S)
Marshall Gross to second
Batting: RHB Jon Newsome 0-0: Foul Ball, location: 2F
0-1: Ball
1-1: 2-RUN HOME RUN (Flyball, 7D), Distance : 344 ft
Batting: RHB Jamie Swyers 0-0: Foul Ball, location: 2F
0-1: Foul Ball, location: 2F
0-2: Ball
1-2: Foul Ball, location: 2F
1-2: Strikes out swinging
Top of the 6th over - 2 run(s), 2 hit(s), 0 error(s), 0 left on base; Mountain Pointe HS 6 - Indianapolis HS 2
BOTTOM OF THE 6TH
Indianapolis HS Chaos batting - Pitching for Mountain Pointe HS : RHP Kelly Russell
Batting: RHB Patrice Charette 0-0: SINGLE (Line Drive, 4MD)
Pitching: LHP Elmer Ramírez
Batting: LHB Kyle Robbins 0-0: Ball
1-0: Called Strike
1-1: Foul Ball, location: 2F
1-2: Ball
Passed Ball!
Patrice Charette to second
2-2: Ball
3-2: Base on Balls
Batting: SHB Mike Burke 0-0: Called Strike
0-1: Ball
Wild Pitch!
Patrice Charette to third
Kyle Robbins to second
1-1: Swinging Strike
1-2: Foul Ball, location: 2F
1-2: SINGLE (Line Drive, 6M)
Patrice Charette scores
Kyle Robbins to third
Runner from 3rd tries for Home, SAFE, no throw or cutoff
Batting: RHB Robert Blanchard 0-0: Ball
1-0: Ball
2-0: Ball
3-0: Called Strike
3-1: SINGLE (Flyball, 9LS)
Mike Burke to second
Runner from 2nd tries for 3rd, SAFE, throw made to third
Batting: RHB Zander von Strantz 0-0: Ball
1-0: Swinging Strike
1-1: Foul Ball, location: 2F
1-2: Foul Ball, location: 2F
1-2: DOUBLE (Groundball, 5L)
Mike Burke scores
Robert Blanchard to third
Batting: RHB Johnny Becker 0-0: Called Strike
0-1: Ball
1-1: Ball
2-1: Ball
3-1: Foul Ball, location: 2F
3-2: Base on Balls
Batting: RHB Jesús Lima 0-0: SINGLE (Line Drive, 78M)
Robert Blanchard scores
Zander von Strantz to third
Johnny Becker to second
Batting: LHB Ben Donaldson 0-0: Ball
1-0: Called Strike
1-1: Called Strike
1-2: Strikes out swinging
Batting: RHB Curt David 0-0: Called Strike
0-1: Foul Ball, location: 2F
0-2: Ball
1-2: Strikes out swinging
Batting: RHB Patrice Charette 0-0: Ball
1-0: Ball
2-0: Ball
3-0: Called Strike
3-1: Foul Ball, location: 2F
3-2: Strikes out looking
Bottom of the 6th over - 4 run(s), 5 hit(s), 0 error(s), 3 left on base; Mountain Pointe HS 6 - Indianapolis HS 6
TOP OF THE 7TH
Mountain Pointe HS batting - Pitching for Indianapolis HS Chaos : RHP Patrick Williams
Pitching: LHP Ryan Roach
Batting: RHB Roberto Pérez 0-0: Called Strike
0-1: Called Strike
0-2: Ball
1-2: Foul Ball, location: 2F
1-2: Strikes out swinging
Batting: RHB John Howell 0-0: Swinging Strike
0-1: Ball
1-1: Foul Ball, location: 2F
1-2: Strikes out looking
Batting: LHB Brian Turner 0-0: Ball
1-0: Called Strike
1-1: Ball
2-1: Foul Ball, location: 2F
2-2: Foul Ball, location: 2F
2-2: Strikes out swinging
Top of the 7th over - 0 run(s), 0 hit(s), 0 error(s), 0 left on base; Mountain Pointe HS 6 - Indianapolis HS 6
BOTTOM OF THE 7TH
Indianapolis HS Chaos batting - Pitching for Mountain Pointe HS : LHP Elmer Ramírez
Batting: LHB Kyle Robbins 0-0: Foul Ball, location: 2F
0-1: Ball
1-1: Swinging Strike
1-2: Ball
2-2: Foul Ball, location: 2F
2-2: Fly out, F6 (Popup, 6D)
Batting: SHB Mike Burke 0-0: Swinging Strike
0-1: Ground out 6-3 (Groundball, 6M)
Batting: RHB Robert Blanchard 0-0: Ball
1-0: Ball
2-0: Called Strike
2-1: Ball
3-1: SINGLE (Groundball, 6M) (infield hit)
Pitching: LHP Phil Sims
Batting: RHB Zander von Strantz 0-0: Ball
1-0: Ball
2-0: Called Strike
2-1: Ball
3-1: Base on Balls
Robert Blanchard to second
Batting: RHB Johnny Becker 0-0: Ball
1-0: Ball
2-0: Swinging Strike
2-1: Ball
3-1: Called Strike
3-2: Strikes out swinging
Bottom of the 7th over - 0 run(s), 1 hit(s), 0 error(s), 2 left on base; Mountain Pointe HS 6 - Indianapolis HS 6
TOP OF THE 8TH
Mountain Pointe HS batting - Pitching for Indianapolis HS Chaos : LHP Ryan Roach
Batting: RHB Scott Dixon 0-0: Called Strike
0-1: Swinging Strike
0-2: Ground out 1-3 (Groundball, 25)
Batting: RHB Marshall Gross 0-0: Called Strike
0-1: Swinging Strike
0-2: Fly out, F3 (Flyball, 9LS)
Batting: RHB Ted Williamson 0-0: Ball
1-0: Ball
2-0: Foul Ball, location: 2F
2-1: Swinging Strike
2-2: Foul Ball, location: 2F
2-2: Fly out, F8 (Flyball, 8RXD)
Top of the 8th over - 0 run(s), 0 hit(s), 0 error(s), 0 left on base; Mountain Pointe HS 6 - Indianapolis HS 6
BOTTOM OF THE 8TH
Indianapolis HS Chaos batting - Pitching for Mountain Pointe HS : LHP Phil Sims
Batting: RHB Jesús Lima 0-0: Fly out, F7 (Flyball, 7LM)
Batting: LHB Ben Donaldson 0-0: Called Strike
0-1: Called Strike
0-2: Strikes out looking
Batting: RHB Curt David 0-0: SINGLE (Groundball, 4M)
Batting: RHB Patrice Charette Pickoff Throw to First - Out!
Bottom of the 8th over - 0 run(s), 1 hit(s), 0 error(s), 0 left on base; Mountain Pointe HS 6 - Indianapolis HS 6
TOP OF THE 9TH
Mountain Pointe HS batting - Pitching for Indianapolis HS Chaos : LHP Ryan Roach
Pitching: RHP David Chapman
Batting: RHB Ben Wilson 0-0: SINGLE (Line Drive, 4D)
Batting: RHB Jon Newsome 0-0: Ball
1-0: Swinging Strike
1-1: Foul Ball, location: 2F
1-2: Foul Ball, location: 2F
1-2: Strikes out swinging
Batting: RHB Jamie Swyers 0-0: Called Strike
0-1: DOUBLE (Line Drive, 8RM)
Ben Wilson to third
Batting: RHB Roberto Pérez 0-0: Foul Ball, location: 2F
0-1: Called Strike
0-2: Ball
1-2: Ball
2-2: 3-RUN HOME RUN (Flyball, 78XD), Distance : 378 ft
Batting: RHB John Howell 0-0: Fly out, F4 (Popup, 4D)
Batting: LHB Brian Turner 0-0: Called Strike
0-1: Ball
1-1: Foul Ball, location: 2F
1-2: Strikes out swinging
Top of the 9th over - 3 run(s), 3 hit(s), 0 error(s), 0 left on base; Mountain Pointe HS 9 - Indianapolis HS 6
BOTTOM OF THE 9TH
Indianapolis HS Chaos batting - Pitching for Mountain Pointe HS : LHP Phil Sims
Pitching: RHP Artie Smith
Now at SS: Monty Crawford
Now in CF: Troy Legge
Batting: RHB Patrice Charette 0-0: SOLO HOME RUN (Flyball, 78XD), Distance : 379 ft
Batting: LHB Kyle Robbins 0-0: Foul Ball, location: 2F
0-1: Foul Ball, location: 2F
0-2: Ball
1-2: Ball
2-2: Strikes out swinging
Batting: SHB Mike Burke 0-0: Foul Ball, location: 2F
0-1: Called Strike
0-2: Ball
1-2: Ball
2-2: Strikes out swinging
Batting: RHB Robert Blanchard 0-0: Ball
1-0: Fly out, F9 (Flyball, 89S)
Bottom of the 9th over - 1 run(s), 1 hit(s), 0 error(s), 0 left on base; Mountain Pointe HS 9 - Indianapolis HS 7
This league is powered by Out of the Park Baseball, the baseball management simulation game for PC, Mac and Linux
Saturday, April 9th, 2016 - OOTP Baseball 16.8 Build 38